 Dungeon Crawl Stone Soup version 0.30-a0-371-gad7725a93e (webtiles) character file.

Game seed: 641743903711783665

217 mopl the Insei (level 6, -4/42 HPs)
             Began as a Djinni Transmuter on Nov 20, 2022.
             Slain by a water moccasin (7 damage)
             ... on level 3 of the Dungeon.
             The game lasted 00:03:26 (2826 turns).

mopl the Insei (Djinni Transmuter)                  Turns: 2826, Time: 00:03:27

Health: -4/42      AC:  2    Str: 11    XL:     6   Next: 16%
Gold:   184        EV: 12    Int: 14    God:
                   SH:  0    Dex: 14

rFire   + . .      SeeInvis .      - Unarmed
rCold   . . .      Faith    .    (no shield)
rNeg    . . .      Spirit   .    a - +0 robe
rPois   ∞          Reflect  .    (helmet currently unavailable)
rElec   .          Harm     .    (no cloak)
rCorr   .          Rampage  .    (no gloves)
Will    .....                    (boots unavailable)
Stlth   +.........               m - amulet of the acrobat
HPRegen 0.27/turn                k - ring of ice
MPRegen 0.00/turn                (no ring)

@: appendages (expiring), flying
A: horns 2, flying, sickness immunity, fire resistance 2, cold vulnerability 1,
float, innate caster, HP casting, extra vitality 1
a: End Transformation


You were on level 3 of the Dungeon.
You had temporarily grown beastly horns.
You visited 1 branch of the dungeon, and saw 3 of its levels.

You collected 184 gold pieces.

Inventory:

Missiles
 n - 5 javelins
Armour
 a - a +0 robe (worn)
Jewellery
 k - a ring of ice (left hand)
 m - an amulet of the acrobat (around neck)
Scrolls
 c - a scroll of torment {unknown}
 d - a scroll of identify {unknown}
 e - a scroll of magic mapping {unknown}
 f - a scroll of fear {unknown}
 h - a scroll of blinking {unknown}
 i - a scroll of acquirement {unknown}
 q - a scroll of amnesia {unknown}
Potions
 b - 2 potions of curing {unknown}
 g - a potion of cancellation {unknown}
 j - a potion of invisibility {unknown}
 l - a potion of attraction {unknown}
 o - a potion of ambrosia {unknown}
 p - a potion of heal wounds {unknown}


   Skills:
 - Level 1.0 Fighting
 - Level 2.1 Dodging
 * Level 5.5 Unarmed Combat
 + Level 2.8 Spellcasting


You couldn't memorise any spells.
You knew the following spells:

 Your Spells              Type           Power      Damage    Failure   Level
a - Beastly Appendage     Tmut           20%        N/A       7%          1
b - Spider Form           Tmut/Pois      10%        N/A       21%         3
c - Kiss of Death         Conj/Necr      40%        2d8       7%          1
d - Ice Form              Ice/Tmut       15%        N/A       56%         4
e - Searing Ray           Conj           20%        2d5       11%         2
w - Wereblood             Tmut           10%        N/A       11%         2
Your spell library was empty.

Dungeon Overview and Level Annotations

Branches:
Dungeon (3/15)

Altars:
Gozag
Wu Jian
Yredelemnul


Innate Abilities, Weirdness & Mutations

You have temporarily grown beastly horns.
You are flying.
You are immune to sickness and miasma.
You are immune to poison.
Your flesh is very heat resistant. (rF++)
You are vulnerable to cold. (rC-)
You float through the air rather than walking.
You learn spells naturally, not from books.
Your magical power is your life essence.
You have superior vitality. (+4 MHP)


Message History

Unknown command.
You punch the water moccasin!
Your headbutt misses the water moccasin.
The water moccasin is moderately wounded.
The water moccasin closely misses you.
You hit the water moccasin.
The water moccasin is moderately wounded.
The water moccasin bites you.
You miss the water moccasin.
The water moccasin is moderately wounded.
The water moccasin bites you.
You closely miss the water moccasin. You headbutt the water moccasin!
The water moccasin is severely wounded.
The water moccasin bites you. The water moccasin misses you.
You barely miss the water moccasin.
The water moccasin is heavily wounded.
The water moccasin bites you!
You hit the water moccasin. You headbutt the water moccasin.
The water moccasin is almost dead.
The water moccasin bites you.
* * * LOW HITPOINT WARNING * * *
You miss the water moccasin.
The water moccasin is almost dead.
The water moccasin closely misses you.
You hit the water moccasin but do no damage.
The water moccasin is almost dead.
The water moccasin bites you.
* * * LOW HITPOINT WARNING * * *
The water moccasin bites you.
* * * LOW HITPOINT WARNING * * *
You hit the water moccasin. You headbutt the water moccasin.
Your punch misses the water moccasin.
The water moccasin is almost dead.
The water moccasin bites you.
* * * LOW HITPOINT WARNING * * *
You miss the water moccasin.
The water moccasin is almost dead.
Your transformation is almost over.
The water moccasin bites you!
You die...

#.# ####### #.# ####.# #.....#
#.# #....# #.....#######.# #.####
#.....#.......# #..#
.....#.#####.# ##.# ... #.#####.#
#.# #.# #.##....# #.# #S#
#.##.##.# ####.### ##@###.##.##.#
#......#####...#........#
####.##.#........).[....####
..##.##.#.............#.#
#.##.##>.......##....##.###### ##
..##.####............##......# #.
#..).......[...#..#.###..###.###.
#[##......####...........# #.....
.....#.#..# ##...######.###.####


You could see a water moccasin.

Vanquished Creatures
  An orc priest (D:3)
  An orc wizard (D:3)
  A howler monkey zombie (D:3)
  Robin (D:2)
  5 adders
  2 worms (D:2)
  2 dart slugs (D:1)
  7 orcs
  5 endoplasms
  3 giant cockroaches (D:1)
  15 goblins
  5 hobgoblins
  3 jackals (D:2)
  4 kobolds
  4 quokkas
  5 ball pythons (D:1)
  A ball python zombie (D:3)
  4 bats
  3 frilled lizards
  A giant cockroach zombie (D:3)
  A jackal zombie (D:3)
  7 rats
81 creatures vanquished.

Notes
Turn   | Place    | Note
-------+----------+-------------------------------------------
     0 | D:1      | mopl the Djinni Transmuter began the quest for the Orb.
     0 | D:1      | mopl set off with the following spells memorised: Beastly
                  | Appendage, Wereblood, Spider Form, Ice Form.
     0 | D:1      | Reached XP level 1. HP: 17/17 MP: 0/0
   153 | D:1      | Reached XP level 2. HP: 22/22 MP: 0/0
   400 | D:1      | Reached XP level 3. HP: 26/27 MP: 0/0
   400 | D:1      | Learned a level 1 spell: Kiss of Death
   430 | D:1      | Reached skill level 2 in Spellcasting
   567 | D:1      | Found a faded altar of an unknown god.
   970 | D:2      | Reached skill level 4 in Unarmed Combat
  1212 | D:2      | Reached XP level 4. HP: 29/32 MP: 0/0
  1234 | D:2      | Noticed Robin
  1252 | D:2      | Killed Robin
  1262 | D:2      | Reached XP level 5. HP: 13/37 MP: 0/0
  1262 | D:2      | Learned a level 2 spell: Searing Ray
  1980 | D:3      | Reached skill level 5 in Unarmed Combat
  2211 | D:3      | Found an opulent altar of Gozag.
  2391 | D:3      | Found a basalt altar of Yredelemnul.
  2411 | D:3      | Reached XP level 6. HP: 42/42 MP: 0/0
  2714 | D:3      | Found an ornate altar of the Wu Jian Council.
  2732 | D:3      | Noticed a spectral centipede
  2732 | D:3      | Noticed a spectral black mamba
  2732 | D:3      | Noticed a spectral cane toad
  2812 | D:3      | Noticed a water moccasin
  2826 | D:3      | Slain by a water moccasin

Illustrated notes

Levels and vault maps discovered:
D:1:      ncdulo_halloftheorcs, layout_basic, dilly_ecumenical_altar_fadedgnrine
D:2:      layout_basic, uniq_robin
D:3:      layout_loops_cross, grunt_gozag_statues,
          pdpol_wu_jian_five_deadly_venoms, nicolae_yredelemnul_corpse_copse

Skill      XL: |  1  2  3  4  5 |
---------------+----------------+-----
Spellcasting   | 2 |  2.8
Unarmed Combat | 4 5 |  5.5
Fighting       | |  1.0
Dodging        | |  2.1

Action                   |  1- 3 |  4- 6 || total
-------------------------+-------+-------++-------
Melee: Unarmed           |   110 |   185 ||   295
       Headbutt          |     9 |     9 ||    18
       Punch             |     3 |     4 ||     7
 Cast: Beastly Appendage |    12 |     5 ||    17
       Spider Form       |     1 |     1 ||     2
  Use: Potion            |       |     1 ||     1
 Stab: Sleeping          |     2 |     2 ||     4
Armor: Robe              |    12 |    30 ||    42
       Skin              |       |    14 ||    14
Dodge: Dodged            |    65 |   102 ||   167

Table legend: (Time is in decaauts)
 A = Elapsed time spent in this place.
 B = Non-inter-level travel time spent in this place.
 C = Inter-level travel time spent in this place.
 D = Time resting spent in this place.
 E = Time spent auto-exploring this place.
 F = Levels seen in this place.
 G = Mean time per level.
                   A        B        C        D        E       F      G
               +--------+--------+--------+--------+--------+-----+--------+
         Total |   2802 |   2663 |    139 |    509 |   1597 |   3 |  934.0 |
       Dungeon |   2802 |   2663 |    139 |    509 |   1597 |   3 |  934.0 |
               +--------+--------+--------+--------+--------+-----+--------+

Top non-repeatable levels by time:
     D:2: 991 daAuts
     D:1: 980 daAuts
     D:3: 830 daAuts
